 Dungeon Crawl Stone Soup version 0.30.0-29-ga12c61a403 (webtiles) character file.

Game seed: 12521739579649980424

1514 Ijustatesigmund the Stinger (level 8, -5/52 HPs)
             Began as an Octopode Venom Mage on June 17, 2023.
             Was a Follower of Cheibriados.
             Shot with an arrow by a centaur (12 damage)
             ... on level 6 of the Dungeon.
             The game lasted 00:14:25 (7153 turns).

Ijustatesigmund the Stinger (Octopode Venom Mage)   Turns: 7153, Time: 00:14:26

Health: -5/52      AC:  1    Str:  9    XL:     8   Next: 83%
Magic:  11/15      EV: 13    Int: 22    God:    Cheibriados [*.....]
Gold:   363        SH:  0    Dex: 14    Spells: 7/17 levels left

rFire   . . .        f - +1 short sword (venom)
rCold   . . .        (no shield)
rNeg    . . .        (helmet restricted)
rPois   .            (no amulet)
rElec   .            c - +4 ring of slaying
rCorr   .            (no ring)
SInv    .            (no ring)
Will    .....        (no ring)
Stlth   ++++         (no ring)
HPRegen 0.28/turn    (no ring)
MPRegen 0.14/turn    (no ring)
                     (no ring)

%: no passive effects
@: radiating poison, studying Fire Magic, very slow
A: almost no armour, amphibious, 8 rings, camouflage 1, gelatinous body 1,
nimble swimmer 1, tentacles
a: Renounce Religion, Bend Time


You were on level 6 of the Dungeon.
You worshipped Cheibriados.
Cheibriados was aware of your devotion.
You visited 2 branches of the dungeon, and saw 7 of its levels.

You collected 363 gold pieces.

Inventory:

Hand Weapons
 f - a +1 short sword of venom (weapon)
 l - a +4 dagger
Jewellery
 a - a ring of fire
 c - a +4 ring of slaying (left tentacle)
Wands
 b - a wand of roots (11)
 g - a wand of polymorph (13)
Scrolls
 d - a scroll of fear
 e - a scroll of teleportation
 i - 2 scrolls of identify
Potions
 k - a potion of curing
 m - a potion of heal wounds


   Skills:
 - Level 3.0 Fighting
 - Level 2.0 Dodging
 - Level 2.6 Stealth
 + Level 5.1 Spellcasting
 + Level 3.6 Conjurations
 - Level 1.0 Transmutations
 + Level 4.7 Air Magic
 + Level 7.3 Poison Magic
 + Level 2.5 Invocations


You had 7 spell levels left.
You knew the following spells:

 Your Spells              Type           Power      Damage    Failure   Level
a - Sting                 Tmut/Pois      96%        1d7       1%          1
b - Poisonous Vapours     Pois/Air       64%        N/A       1%          2
c - Mephitic Cloud        Conj/Pois/Air  28%        N/A       3%          3
d - Olgreb's Toxic Radia  Pois           38%        N/A       4%          4

Your spell library contained the following spells:

 Spells                   Type           Power      Damage    Failure   Level
 Dazzling Flash           Conj/Hex       26%        N/A       14%         3
 Silence                  Hex/Air        8%         N/A       71%         5
 Agony                    Necr           5%         N/A       95%         5


Dungeon Overview and Level Annotations

Branches:
Dungeon (6/15)             Temple (1/1) D:4

Altars:
Ashenzari
Cheibriados
Dithmenos
Elyvilon
Gozag
Hepliaklqana
Makhleb
Nemelex Xobeh
Okawaru
Qazlal
Ru
Sif Muna
Trog
Uskayaw
Vehumet
Wu Jian
Xom
Yredelemnul
Zin


Innate Abilities, Weirdness & Mutations

You cannot wear most types of armour.
You are amphibious.
You can wear up to eight rings at the same time.
Your skin changes colour to match your surroundings (Stealth+).
Your rubbery body absorbs attacks. (AC +1, EV +1)
You are camouflaged when in or above water. (Stealth+)
You have tentacles for arms and can constrict up to eight enemies at once.


Message History

Found 3 poisoned darts.
You see here 3 poisoned darts.
As you open the door, it creaks loudly!
There is an open door here.
You open the door.
There is an open door here.
Found a chain mail.
j - a scroll labelled TIGGIGH YBRISA
As you read the scroll labelled IDYODU UNNOGRASE, it crumbles to dust.
The scroll dissolves into smoke.
It was a scroll of fog.
Okay, then.
The air fills with toxic fumes!
As you read the scroll labelled TIGGIGH YBRISA, it crumbles to dust.
It was a scroll of poison.
You start waiting.
Done waiting.
You start waiting.
Done waiting.
You open the door.
A centaur comes into view.
There is an open door here.
You enter the shallow water.
A centaur comes into view.
The centaur shouts!
The centaur wields a +0 shortbow.
The centaur shoots an arrow.
The arrow misses you.
The centaur shoots an arrow.
The arrow barely misses you.
The centaur shoots an arrow.
The arrow hits you!
The centaur wields a +0 shortbow.
The centaur shoots an arrow.
The arrow hits you.
The centaur shoots an arrow.
The arrow barely misses you.
The centaur shoots an arrow.
The arrow hits you!
The centaur shoots an arrow.
The arrow closely misses you.
Casting: Poisonous Vapours (safe; 1% risk of failure)
Confirm with . or Enter, or press ? or * to list all spells.
You begin to radiate toxic energy.
The centaur is poisoned. x2
The centaur looks even sicker.
The centaur shoots an arrow.
The arrow hits you.
The centaur shoots an arrow.
The arrow barely misses you.
The centaur looks even sicker.
The centaur shoots an arrow.
The arrow hits you!
* * * LOW HITPOINT WARNING * * *
The centaur shoots an arrow.
The arrow hits you!
You die...

..... ##### ......#
#...# ######## .......
#..[# #......# .......
#...# #......#
.......####...# #......#
..........'...# #......#
~≈≈≈≈≈≈≈≈~#...###......#
≈≈~~~~~~≈≈#....##......#
≈~≈≈≈≈≈@~≈#.....'......'
~≈≈~c~~≈≈~#...###......#
~≈~≈≈≈≈~≈≈#...# ########
~≈...c≈≈~≈#...# #
~≈...≈~≈~≈#...# #
≈~...≈~≈~≈##### #
≈≈≈≈~≈~≈~≈# ~~~~≈≈~≈~≈#


You could see 2 centaurs.

Vanquished Creatures
  3 yaks (D:4)
  An ice beast (D:5)
  3 ogres
  2 centaurs (D:5)
  3 hounds
  A gnoll bouda (D:5)
  A jelly (D:5)
  3 orc priests
  Natasha (twice) (D:2)
  2 iguanas
  An orc wizard (D:4)
  6 gnolls (D:5)
  5 adders
  A white imp (D:5)
  An ufetubus (D:5)
  3 worms (D:3)
  8 dart slugs
  4 orcs
  3 endoplasms
  3 giant cockroaches
  6 hobgoblins
  10 jackals
  3 quokkas
  3 ball pythons
  5 bats
  A frilled lizard (D:1)
  8 goblins
  6 kobolds
  8 rats
106 creatures vanquished.

Notes
Turn   | Place    | Note
-------+----------+-------------------------------------------
     0 | D:1      | Ijustatesigmund the Octopode Venom Mage began the quest for
                  | the Orb.
     0 | D:1      | Reached XP level 1. HP: 11/11 MP: 3/3
   112 | D:1      | Reached XP level 2. HP: 9/18 MP: 0/5
   344 | D:1      | Reached skill level 1 in Fighting
   344 | D:1      | Reached skill level 4 in Poison Magic
   397 | D:1      | Learned a level 2 spell: Poisonous Vapours
   559 | D:1      | Reached XP level 3. HP: 22/23 MP: 2/6
  1333 | D:2      | Found a faded altar of an unknown god.
  1814 | D:2      | Noticed Natasha
  1819 | D:2      | Killed Natasha
  1820 | D:2      | Reached skill level 1 in Air Magic
  1820 | D:2      | Reached XP level 4. HP: 11/28 MP: 5/8
  1948 | D:2      | Noticed Natasha
  1953 | D:2      | Killed Natasha
  2351 | D:2      | Reached XP level 5. HP: 30/33 MP: 6/9
  2636 | D:3      | Found a shimmering blue altar of Sif Muna.
  2850 | D:3      | Reached skill level 5 in Poison Magic
  2951 | D:3      | Found a bloodstained altar of Trog.
  2979 | D:3      | Found a basalt altar of Yredelemnul.
  3033 | D:3      | Noticed an ogre
  3040 | D:3      | Killed an ogre
  3041 | D:3      | Reached XP level 6. HP: 38/38 MP: 6/11
  3189 | D:3      | Learned a level 3 spell: Mephitic Cloud
  3194 | D:3      | Learned a level 4 spell: Olgreb's Toxic Radiance
  4113 | D:4      | Found a staircase to the Ecumenical Temple.
  4227 | D:4      | Noticed a yak
  4227 | D:4      | Noticed a yak
  4751 | D:4      | Reached skill level 1 in Conjurations
  4843 | D:4      | Found a sacrificial altar of Ru.
  5130 | D:4      | Noticed a yak
  5148 | D:4      | Killed a yak
  5149 | D:4      | Reached skill level 6 in Poison Magic
  5149 | D:4      | Reached XP level 7. HP: 14/45 MP: 8/13
  5152 | D:4      | Killed a yak
  5153 | D:4      | HP: 1/45 [yak (14)]
  5155 | D:4      | Killed a yak
  5156 | D:4      | Reached XP level 8. HP: 2/51 MP: 1/14
  5476 | D:5      | Entered Level 5 of the Dungeon
  5637 | Temple   | Entered the Ecumenical Temple
  5642 | Temple   | Became a worshipper of Cheibriados the Contemplative
  5905 | D:5      | Reached skill level 1 in Invocations
  6356 | D:5      | Reached skill level 7 in Poison Magic
  6587 | D:5      | Reached skill level 5 in Spellcasting
  6591 | D:5      | Reached * piety under Cheibriados
  7153 | D:6      | Shot with an arrow by a centaur

Illustrated notes

Levels and vault maps discovered:
D:1:      dpeg_arrival_lava_temple_mockup, layout_loops_ring
D:2:      layout_basic, nicolae_ecumenical_oubliette, uniq_natasha
D:3:      layout_basic, mainiacjoe_overflow_two_lobes,
          mainiacjoe_overflow_tiny_flanked
D:4:      layout_basic, nicolae_ru_awakened_eye, minmay_temple_entry_waves
D:5:      layout_basic, serial_corexii_hall, corexii_hall_statues_x,
          corexii_hall_statues_l, minmay_manual_mares
D:6:      nicolae_whirlpool, layout_basic
Temple:   minmay_freezing_vapour_temple

Skill      XL: |  1  2  3  4  5  6  7  8 |
---------------+-------------------------+-----
Fighting       | 1 2 3 |  3.0
Poison Magic   | 4 5 6 7 |  7.3
Air Magic      | 1 2 3 4 |  4.7
Spellcasting   | 3 4 5 |  5.1
Conjurations   | 1 2 3 |  3.6
Invocations    | 2 |  2.5
Dodging        | |  2.0
Stealth        | |  2.6
Transmutations | |  1.0

Action                     |  1- 3 |  4- 6 |  7- 9 || total
---------------------------+-------+-------+-------++-------
  Melee: Unarmed           |    41 |       |       ||    41
         Constrict         |    16 |    17 |     9 ||    42
         Tentacles         |    10 |    12 |     8 ||    30
         Dagger            |    14 |     9 |       ||    23
         Punch             |     1 |       |       ||     1
         Short sword       |       |    63 |    44 ||   107
   Cast: Sting             |    30 |     2 |     2 ||    34
         Poisonous Vapours |    14 |    34 |    16 ||    64
         Olgreb's Toxic Ra |       |     5 |     7 ||    12
         Mephitic Cloud    |       |       |     2 ||     2
    Use: Scroll            |       |     2 |    10 ||    12
         Potion            |       |     2 |       ||     2
   Stab: Sleeping          |     1 |     2 |     2 ||     5
 Armour: Skin              |     6 |     4 |     5 ||    15
  Dodge: Dodged            |    34 |    36 |    41 ||   111
